 Dungeon Sprint DCSS version 0.23.2-1-ga50397a6bc (webtiles) character file.

Game seed: 18083263700280384485

14061 Morrissey the Spry (level 12, -27/109 HPs)
             Began as a Merfolk Skald on May 2, 2019.
             Was the Champion of Makhleb.
             Annihilated by an ettin
             ... wielding a +0 dire flail
              (49 damage)
             ... in the Dungeon (Sprint IX: "|||||||||||||||||||||||||||||").
             The game lasted 00:10:56 (1937 turns).

Morrissey the Spry (Merfolk Skald)                  Turns: 1937, Time: 00:10:56

Health: -27/109    AC:  9    Str: 11    XL:     12   Next: 12%
Magic:  19/21      EV: 28    Int: 13    God:    Makhleb [******]
Gold:   1578       SH:  0    Dex: 18    Spells: 11/15 levels left

rFire    . . .     SeeInvis +   b - +1 bardiche
rCold    . . .     Gourm    .   (shield currently unavailable)
rNeg     . . .     Faith    .   x - +2 robe {MR+}
rPois    .         Spirit   .   (no helmet)
rElec    .         Reflect  .   (no cloak)
rCorr    .         Harm     .   E - +1 pair of gloves
MR       +....     NoTele   +   n - +0 pair of boots
Stlth    ++........             (no amulet)
HPRegen  0.28/turn              o - +2 ring of protection
MPRegen  0.17/turn              C - ring of see invisible

@: no status effects
A: change form in water, swift swim, stealthy swim
a: Minor Destruction, Lesser Servant of Makhleb, Major Destruction, Greater
Servant of Makhleb, Renounce Religion


You were in the Dungeon.
You worshipped Makhleb.
Makhleb was exalted by your worship.
You were near starving.

You visited 1 branch You collected 1578 gold pieces.

Inventory:

Hand Weapons
 a - a +2 halberd of protection
 b - a +1 bardiche (weapon)
 z - a +4 scimitar of flaming
Armour
 n - a +0 pair of boots (worn)
 x - a +2 robe of magic resistance (worn)
 E - a +1 pair of gloves (worn)
Jewellery
 o - a +2 ring of protection (left hand)
 p - a +2 ring of evasion
 A - an uncursed ring of fire
 B - an uncursed ring of ice
 C - a ring of see invisible (right hand)
Wands
 m - a wand of acid (7)
 w - a wand of paralysis (5)
 y - a wand of digging (8)
 D - a wand of polymorph (1)
Scrolls
 j - 3 scrolls of blinking
 k - 4 scrolls of remove curse
 l - 2 scrolls of amnesia
 t - 3 scrolls of fog
 u - 6 scrolls of enchant armour
 v - 4 scrolls of identify
 G - a scroll of enchant weapon
Potions
 c - a potion of brilliance
 e - 6 potions of curing
 f - a potion of invisibility
 g - a potion of haste
 h - 4 potions of magic
 i - 2 potions of heal wounds
 r - 2 potions of berserk rage
 s - 2 potions of might
 F - 3 potions of agility
Comestibles
 d - 11 rations


   Skills:
 - Level 15.0 Fighting
 + Level 19.1 Polearms
 - Level 3.3 Armour
 - Level 19.3 Dodging
 - Level 2.0 Spellcasting
 - Level 6.7 Hexes
 - Level 10.0 Charms
 - Level 12.1 Invocations


You had 11 spell levels left.
You knew the following spells:

 Your Spells              Type           Power        Failure   Level  Hunger
a - Infusion              Chrm           ####         1%          1    ##.....
b - Spectral Weapon       Hex/Chrm       ###.....     2%          3    ####...

Your spell library contained the following spells:

 Spells                   Type           Power        Failure   Level  Hunger
 Song of Slaying          Chrm           ####....     1%          2    ###....
 Shroud of Golubria       Chrm/Tloc      ##........   4%          2    ###....
 Regeneration             Chrm/Necr      ##........   10%         3    ####...


Dungeon Overview and Level Annotations

Branches:
Dungeon (1/1)

Altars:
Cheibriados
Dithmenos
Elyvilon
Fedhas
Gozag
Hepliaklqana
Kikubaaqudgha
Makhleb
Nemelex Xobeh
Okawaru
Qazlal
Ru
Sif Muna
Trog
Uskayaw
Vehumet
Wu Jian
Xom
Yredelemnul
Zin
The Shining One
Beogh
Jiyva
Lugonu

Shops:
D (=?%


Message History

Your Polearms skill increases to level 19!
The necromancer mumbles some strange words.
The necromancer binds the souls of nearby monsters.
You barely miss the ettin.
Your spectral weapon hits the ettin from afar!
The ettin completely misses you. The ettin barely misses you.
The glowing orange brain blinks!
You hit the ettin.
The ettin is moderately wounded.
You are no longer terrified.
The ettin's soul is no longer bound.
Your spectral weapon hits the ettin from afar!!
The ettin barely misses you.
The ettin hits you with a +0 dire flail!!
* * * LOW HITPOINT WARNING * * *
You hit the ettin.
The ettin is severely wounded.
Your spectral weapon closely misses the ettin.
The ettin hits you with a +0 dire flail!!!
You die...

▓.▓.▓.▓.▓.▓.▓
▓.▓.▓'▓.▓.▓.▓g▓
▓.▓.▓(▓.▓.▓.▓.▓
▓.▓.▓(▓.▓∩▓.▓p▓
▓)▓.▓.▓.▓)▓.▓p▓
▓.▓.▓.▓.▓∩▓.▓C▓
▓.▓.▓.▓.▓)▓.▓y▓
▓[▓.▓.▓.▓∩▓.▓C▓
▓.▓.▓.▓.▓)▓.▓@▓
▓.▓.▓.▓.▓∩▓.▓(▓
▓)▓.▓.▓.▓)▓.▓.▓
▓|▓.▓.▓.▓)▓.▓.▓
▓.▓.▓.▓.▓)▓.▓)▓
▓.▓.▓÷▓.▓)▓.▓†▓
▓'▓.▓†▓.▓)▓.▓.▓
▓_▓.▓.▓.▓'▓.▓.▓
▓_▓.▓.▓.▓.▓.▓.▓


You could see a frost giant, an ettin, a spark wasp, a necromancer, a wizard, a
hobgoblin and a friendly spectral +1 bardiche.

Vanquished Creatures
  Josephine (D)
  A centaur warrior (D)
  Erica (D)
  A hydra (D)
  An ogre mage (D)
  A vampire mage (D)
  An orc knight (D)
  3 orc sorcerers (D)
  2 ugly things (D)
  A black mamba (D)
  3 spiny frogs (D)
  A gargoyle (D)
  A kobold demonologist (D)
  A rime drake (D)
  A komodo dragon (D)
  A polar bear (D)
  2 tyrant leeches (D)
  2 hippogriffs (D)
  3 wraiths (D)
  A shadow (D)
  2 basilisks (D)
  2 yaks (D)
  Eustachio (D)
  2 vampire mosquitoes (D)
  A porcupine (D)
  14 orc warriors (D)
  An ice beast (D)
  2 sky beasts (D)
  A necrophage (D)
  2 phantoms (D)
  4 crocodiles (D)
  8 bullfrogs (D)
  A crimson imp (D)
  11 orc wizards (D)
  An adder (D)
  10 orcs (D)
  A giant cockroach (D)
  A goblin (D)
  A quokka (D)
  A bat (D)
  A frilled lizard (D)
  A leopard gecko zombie (D)
  A rat (D)
99 creatures vanquished.

Vanquished Creatures (others)
  2 orc wizards (D)
  A spectral weapon (D)
3 creatures vanquished.

Grand Total: 102 creatures vanquished

Notes
Turn   | Place    | Note
-------+----------+-------------------------------------------
     0 | D        | Morrissey the Merfolk Skald began the quest for the Orb.
     0 | D        | Reached XP level 1. HP: 16/16 MP: 3/3
   147 | D        | Noticed a crimson imp
   147 | D        | Noticed a phantom
   147 | D        | Noticed a phantom
   156 | D        | Reached skill level 5 in Polearms
   156 | D        | Reached XP level 2. HP: 24/24 MP: 0/5
   163 | D        | Killed a phantom
   163 | D        | Reached skill level 5 in Dodging
   163 | D        | Reached skill level 5 in Charms
   163 | D        | Reached XP level 3. HP: 30/32 MP: 0/6
   163 | D        | Reached XP level 4. HP: 36/38 MP: 0/7
   202 | D        | Reached skill level 5 in Fighting
   202 | D        | Reached XP level 5. HP: 34/44 MP: 3/8
   222 | D        | Killed a phantom
   222 | D        | Reached skill level 10 in Polearms
   346 | D        | Learned a level 3 spell: Spectral Weapon
   348 | D        | Found a roughly hewn altar of Beogh.
   348 | D        | Found a snail-covered altar of Cheibriados.
   348 | D        | Found a shadowy altar of Dithmenos.
   348 | D        | Found a white marble altar of Elyvilon.
   348 | D        | Found a blossoming altar of Fedhas.
   348 | D        | Found an opulent altar of Gozag.
   349 | D        | Found a hazy altar of Hepliaklqana.
   350 | D        | Found a viscous altar of Jiyva.
   351 | D        | Found an ancient bone altar of Kikubaaqudgha.
   352 | D        | Found a corrupted altar of Lugonu.
   353 | D        | Found a burning altar of Makhleb.
   354 | D        | Found a sparkling altar of Nemelex Xobeh.
   355 | D        | Found an iron altar of Okawaru.
   356 | D        | Found a stormy altar of Qazlal.
   357 | D        | Found a sacrificial altar of Ru.
   358 | D        | Found a deep blue altar of Sif Muna.
   359 | D        | Found a bloodstained altar of Trog.
   360 | D        | Found a hide-covered altar of Uskayaw.
   361 | D        | Found a radiant altar of Vehumet.
   363 | D        | Became a worshipper of Makhleb the Destroyer
   365 | D        | Found an ornate altar of the Wu Jian Council.
   366 | D        | Found a shimmering altar of Xom.
   367 | D        | Found a basalt altar of Yredelemnul.
   368 | D        | Found a glowing silver altar of Zin.
   369 | D        | Found a glowing golden altar of the Shining One.
   448 | D        | Noticed a sky beast
   448 | D        | Noticed a yak
   448 | D        | Noticed a necrophage
   449 | D        | Reached XP level 6. HP: 52/52 MP: 5/9
   453 | D        | Killed a necrophage
   457 | D        | Killed a yak
   457 | D        | Reached * piety under Makhleb
   457 | D        | Reached XP level 7. HP: 56/60 MP: 5/10
   466 | D        | Reached ** piety under Makhleb
   498 | D        | Noticed a cyan ugly thing
   498 | D        | Noticed a shadow
   498 | D        | Noticed a red ugly thing
   498 | D        | Noticed a kobold demonologist
   498 | D        | Noticed a gargoyle
   498 | D        | Noticed a centaur warrior
   504 | D        | Killed a centaur warrior
   504 | D        | Reached skill level 15 in Polearms
   504 | D        | Reached skill level 10 in Dodging
   504 | D        | Reached skill level 5 in Hexes
   504 | D        | Reached XP level 8. HP: 30/70 MP: 7/11
   506 | D        | Killed a gargoyle
   514 | D        | Noticed a hellwing
   515 | D        | Killed a cyan ugly thing
   515 | D        | Reached *** piety under Makhleb
   515 | D        | Reached skill level 10 in Charms
   515 | D        | Reached XP level 9. HP: 62/77 MP: 8/12
   524 | D        | Killed a cyan ugly thing
   524 | D        | Reached skill level 10 in Fighting
   531 | D        | Killed a kobold demonologist
   533 | D        | Reached skill level 5 in Invocations
   730 | D        | Noticed a spiny frog
   746 | D        | Reached **** piety under Makhleb
   748 | D        | Killed a spiny frog
   749 | D        | Reached XP level 10. HP: 83/88 MP: 12/14
   757 | D        | Noticed a spiny frog
   760 | D        | Reached ***** piety under Makhleb
   770 | D        | Killed a spiny frog
   938 | D        | Noticed a four-headed hydra
   944 | D        | Killed a six-headed hydra
   946 | D        | Noticed a black mamba
   953 | D        | Reached skill level 15 in Dodging
   956 | D        | Reached ****** piety under Makhleb
   962 | D        | Killed a black mamba
   962 | D        | Reached skill level 10 in Invocations
  1064 | D        | Noticed a spiny frog
  1068 | D        | Killed a spiny frog
  1083 | D        | Reached XP level 11. HP: 74/99 MP: 16/18
  1140 | D        | Noticed Josephine
  1152 | D        | HP: 3/100 [Josephine/ghostly fireball (13)]
  1156 | D        | Killed Josephine
  1360 | D        | Noticed Eustachio
  1366 | D        | Killed Eustachio
  1543 | D        | Reached skill level 15 in Fighting
  1597 | D        | Found Tamiu's Food Boutique.
  1597 | D        | Noticed an orc sorcerer
  1597 | D        | Noticed an orc sorcerer
  1608 | D        | Killed an orc sorcerer
  1609 | D        | Found Etaff's Magic Scroll Shop.
  1621 | D        | Killed an orc sorcerer
  1622 | D        | Found Iplarghoc's Jewellery Boutique.
  1635 | D        | Found Fecogruu's Antique Weapon Shop.
  1649 | D        | Noticed an orc sorcerer
  1659 | D        | Killed an orc sorcerer
  1769 | D        | Noticed Erica
  1778 | D        | Killed Erica
  1877 | D        | Noticed an orc knight
  1877 | D        | Noticed an ogre mage
  1886 | D        | Killed an ogre mage
  1893 | D        | Killed an orc knight
  1893 | D        | Reached XP level 12. HP: 89/109 MP: 17/21
  1907 | D        | Noticed a vampire mage
  1908 | D        | Noticed an ettin
  1909 | D        | Noticed a spark wasp
  1910 | D        | Noticed a frost giant
  1934 | D        | Killed a vampire mage
  1937 | D        | Annihilated by an ettin

Skill      XL: |  1  2  3  4  5  6  7  8  9 10 11 12 |
---------------+-------------------------------------+-----
Dodging        | 3 5 6 7 8 10 11 13 15 19 | 19.3
Polearms       | 5 8 9 10 12 15 16 17 19 | 19.1
Fighting       | 3 4 5 6 7 8 9 11 13 15 | 15.0
Charms         | 4 5 6 7 9 10 | 10.0
Hexes          | 3 5 6 |  6.7
Invocations    | 6 10 12 | 12.1
Armour         | 3 |  3.3
Spellcasting   | |  2.0

Action                   |  1- 3 |  4- 6 |  7- 9 | 10-12 || total
-------------------------+-------+-------+-------+-------++-------
Melee: Spear             |    27 |    48 |       |       ||    75
       Halberd           |       |     9 |    50 |   219 ||   278
       Bardiche          |       |       |       |    48 ||    48
 Cast: Infusion          |     2 |       |       |       ||     2
       Spectral Weapon   |       |     1 |     3 |    16 ||    20
Evoke: Wand              |       |       |       |     3 ||     3
  Use: Potion            |     1 |     1 |     1 |     3 ||     6
       Scroll            |       |       |       |     1 ||     1
 Stab: Distracted        |       |       |       |     1 ||     1
  Eat: Chunk             |       |       |       |     5 ||     5
Armor: Leather armour    |     5 |     8 |     6 |    10 ||    29
       Robe              |       |       |       |     8 ||     8
Dodge: Dodged            |    10 |    23 |    15 |   180 ||   228
